 Dungeon Crawl Stone Soup version 0.29.1-12-g30fa7ad0bf (webtiles) character file.

Game seed: 4049064965191209721

360 fleeber the Digger (level 6, 0/32 HPs)
             Began as a Gargoyle Earth Elementalist on Dec 19, 2022.
             Was an Initiate of Sif Muna.
             Slain by an ogre
             ... wielding a +0 giant spiked club
              (32 damage)
             ... on level 5 of the Dungeon.
             The game lasted 00:09:03 (4228 turns).

fleeber the Digger (Gargoyle Earth Elementalist)    Turns: 4228, Time: 00:09:03

Health: 0/32       AC:  8    Str: 12    XL:     6   Next: 65%
Magic:  8/11       EV: 11    Int: 17    God:    Sif Muna [......]
Gold:   153        SH:  0    Dex: 10    Spells: 11/12 levels left

rFire   . . .      SeeInvis .   h - staff of earth
rCold   . . .      Faith    .   (no shield)
rNeg    + . .      Spirit   .   k - +0 leather armour
rPois   ∞          Reflect  .   (no helmet)
rElec   +          Harm     .   (no cloak)
rCorr   .          Rampage  .   p - +0 pair of gloves
Will    .....                   (no boots)
Stlth   ++........              (no amulet)
HPRegen 0.10/turn               (no ring)
MPRegen 0.12/turn               (no ring)

@: no status effects
A: sickness immunity, AC +4, negative energy resistance 1, electricity
resistance, torment resistance 1, petrification resistance
a: Renounce Religion


You were on level 5 of the Dungeon.
You worshipped Sif Muna.
Sif Muna was noncommittal.
You visited 2 branches of the dungeon, and saw 6 of its levels.

You collected 153 gold pieces.

Inventory:

Missiles
 d - 3 poisoned darts (quivered)
Armour
 k - a +0 leather armour (worn)
 p - a +0 pair of gloves (worn)
Magical Staves
 h - a staff of earth (weapon)
Jewellery
 a - an amulet of reflection
 q - a +6 ring of strength
 r - a ring of wizardry
Scrolls
 e - a scroll of blinking {unknown}
 i - a scroll of immolation {unknown}
 j - a scroll of fear {unknown}
 l - a scroll of enchant weapon {unknown}
 o - a scroll of acquirement {unknown}
 t - a scroll of identify {unknown}
Potions
 b - a potion of magic
 c - 3 potions of haste {unknown}
 f - a potion of resistance {unknown}
 g - 2 potions of curing {unknown}
 m - 3 potions of lignification {unknown}
 n - 2 potions of brilliance {unknown}
 s - a potion of cancellation {unknown}


   Skills:
 + Level 2.5 Armour
 - Level 1.5 Dodging
 - Level 2.1 Stealth
 + Level 3.9 Spellcasting
 - Level 0.7 Transmutations
 + Level 5.7 Earth Magic
 + Level 2.2 Evocations


You had 11 spell levels left.
You knew the following spells:

 Your Spells              Type           Power      Damage    Failure   Level
a - Sandblast             Erth           68%        2d15      1%          1

Your spell library contained the following spells:

 Spells                   Type           Power      Damage    Failure   Level
 Passwall                 Tmut/Erth      17%        N/A       8%          2
 Stone Arrow              Conj/Erth      38%        3d9       19%         3
 Poisonous Vapours        Pois/Air       6%         N/A       30%         2
 Petrify                  Tmut/Erth      21%        N/A       45%         4
 Corpse Rot               Necr/Pois/Air  3%         N/A       90%         4


Dungeon Overview and Level Annotations

Branches:
Dungeon (5/15)             Temple (1/1) D:5

Altars:
Ashenzari
Dithmenos
Elyvilon
Fedhas
Gozag
Makhleb
Nemelex Xobeh
Okawaru
Qazlal
Sif Muna
Trog
Uskayaw
Vehumet
Wu Jian
Xom
Zin
The Shining One

Annotations:
Temple 2 transporters


Innate Abilities, Weirdness & Mutations

You are immune to sickness and miasma.
Your stone body is resilient. (AC +4)
You are immune to poison.
You resist negative energy. (rN+)
You are resistant to electric shocks. (rElec)
You are resistant to unholy torment.
You are immune to petrification.


Message History

An ogre comes into view. It is wielding a +0 giant spiked club.
Aiming: Sandblast (safe; 1% risk of failure)
Press: ? - help, Shift-Dir - straight line, f - orc
Aim: an orc, wielding a +0 falchion (84% to hit)
You feel a surge of power!
The blast of sand hits the orc!
You kill the orc!
Sif Muna accepts your kill.
You start resting.
Magic restored.
Throw: 6 darts (poison)
Press: ? - help, Q - select action, (/) - cycle Shift-Dir - straight line, f - ogre
Aim: an ogre, wielding a +0 giant spiked club (wandering, hasn't noticed you, 71% to hit)
You throw a poisoned dart. The poisoned dart hits the ogre.
The ogre shouts!
Throw: 5 darts (poison)
Press: ? - help, Q - select action, (/) - cycle Shift-Dir - straight line, f/p - ogre
Aim: an ogre, wielding a +0 giant spiked club (71% to hit)
You throw a poisoned dart. The poisoned dart hits the ogre.
Throw: 4 darts (poison)
Press: ? - help, Q - select action, (/) - cycle Shift-Dir - straight line, f/p - ogre
Aim: an ogre, wielding a +0 giant spiked club (71% to hit)
You throw a poisoned dart.
The poisoned dart closely misses the ogre.
Aiming: Sandblast (safe; 1% risk of failure)
Press: ? - help, Shift-Dir - straight line, f/p - ogre
Aim: an ogre, wielding a +0 giant spiked club (92% to hit)
You feel a surge of power!
The blast of sand hits the ogre!!
The ogre is almost dead.
Aiming: Sandblast (safe; 1% risk of failure)
Press: ? - help, Shift-Dir - straight line, f/p - ogre
Aim: an ogre, wielding a +0 giant spiked club (almost dead, 92% to hit)
You feel a surge of power!
The blast of sand misses the ogre.
Aiming: Sandblast (safe; 1% risk of failure)
Press: ? - help, Shift-Dir - straight line, f/p - ogre
Aim: an ogre, wielding a +0 giant spiked club (almost dead, 92% to hit)
You feel a surge of power!
The blast of sand hits the ogre.
The ogre is almost dead.
The ogre hits you with a +0 giant spiked club!!
Ouch! That really hurt!
You die...

##...## #....... ..# ##.##
####.##. #.# #.### #....
#.# #...## #.... #.#
##'#..# #.... ..#
##.###'### #.#.# ##.#
##..#.....# #.... ##..#
##...#.....# ##.#.#
##...####)@..#.....###....#
#.........O..#..>..'.......
#............#.....###....#
#.#..###.#...#.....# ##...#
#.#..# #.##..#.....# ##.#.#
# #?## #.###.###+#####.###.
#.# #(# ##+ #.## ## #.# #(#
##.###. .O. (.# ##.#.#


You could see an ogre.

Vanquished Creatures
  A phantom (D:5)
  A scorpion (D:5)
  4 iguanas
  7 adders
  A white imp (D:4)
  A worm (D:2)
  An orc (D:5)
  7 endoplasms
  A giant cockroach (D:1)
  4 goblins
  5 hobgoblins
  4 quokkas
  2 ball pythons
  3 bats
  4 frilled lizards
  10 kobolds
  5 rats
61 creatures vanquished.

Vanquished Creatures (others)
  A plant (D:1)
1 creature vanquished.

Grand Total: 62 creatures vanquished

Notes
Turn   | Place    | Note
-------+----------+-------------------------------------------
     0 | D:1      | fleeber the Gargoyle Earth Elementalist began the quest for
                  | the Orb.
     0 | D:1      | Reached XP level 1. HP: 10/10 MP: 3/3
   249 | D:1      | Reached XP level 2. HP: 15/15 MP: 1/5
   301 | D:1      | Reached skill level 4 in Earth Magic
   320 | D:1      | Found a faded altar of an unknown god.
  1194 | D:2      | Reached XP level 3. HP: 19/19 MP: 0/7
  1653 | D:2      | Reached XP level 4. HP: 24/24 MP: 4/8
  2372 | D:3      | Reached skill level 5 in Earth Magic
  2602 | D:3      | Reached skill level 1 in Evocations
  3121 | D:4      | Reached skill level 1 in Armour
  3121 | D:4      | Reached XP level 5. HP: 28/28 MP: 6/9
  3444 | D:5      | Entered Level 5 of the Dungeon
  3493 | D:5      | Found a blossoming altar of Fedhas.
  3612 | D:5      | Reached XP level 6. HP: 32/32 MP: 8/11
  4117 | D:5      | Found a staircase to the Ecumenical Temple.
  4123 | Temple   | Entered the Ecumenical Temple
  4123 | Temple   | Found a transporter.
  4123 | Temple   | Found a transporter.
  4125 | Temple   | Found a transporter.
  4125 | Temple   | Found a transporter.
  4145 | Temple   | Became a worshipper of Sif Muna the Loreminder
  4228 | D:5      | Slain by an ogre

Illustrated notes

Levels and vault maps discovered:
D:1:      erik_arrival_blinker_ship, layout_loops_ring, serial_forest,
          infiniplex_forest_lined_4_way, infiniplex_forest_lined_3,
          infiniplex_forest_clump_double, infiniplex_forest_split,
          infiniplex_forest_straight_1, infiniplex_forest_clump_tiny,
          infiniplex_forest_clump_diagonal,
          shapermc_ecumenical_altar_totnotflames
D:2:      layout_basic, chequers_jeans, hangedman_feature_mirror
D:3:      layout_basic, grunt_ministairs_4
D:4:      layout_basic, hangedman_minor_gate_pass, uniq_menkaure, uniq_grinder,
          uniq_sigmund
D:5:      layout_loops_corners, lemuel_tele_altar, temple_green, st_stairs_9,
          kennysheep_windowed_goal
Temple:   hellmonk_temple_divided_pantheon

Skill      XL: |  1  2  3  4  5  6 |
---------------+-------------------+-----
Earth Magic    | 4 5 |  5.7
Spellcasting   | 3 |  3.9
Evocations     | 1 2 |  2.2
Armour         | 1 2 |  2.5
Dodging        | |  1.5
Stealth        | |  2.1
Transmutations | |  0.7

Action                   |  1- 3 |  4- 6 || total
-------------------------+-------+-------++-------
Melee: Staff             |     6 |       ||     6
Throw: Dart              |       |     3 ||     3
 Cast: Sandblast         |    44 |    44 ||    88
Armor: Robe              |     1 |       ||     1
       Leather armour    |       |     1 ||     1
Dodge: Dodged            |     4 |     7 ||    11
